[Event "Titled Tuesday Blitz July 4 Late 2023"]
[White "Andreikin, Dmitry"]
[Black "Aldokhin, Ivan"]
[WhiteFideId "4158814"]
[BlackFideId "24115720"]
[WhiteElo "2969"]
[BlackElo "2662"]
[Result "1-0"]
[Round "3"]
[TimeControl "180+2"]
[Date "2023.07.04"]
[WhiteClock "0:00:51"]
[BlackClock "0:00:00"]
[Board "19"]

1. e4 c5 2. Nc3 e6 3. Nge2 a6 4. g3 Nc6 5. Bg2 Nf6 6. O-O d6 7. d3 Be7 8. f4 Qc7 9. h3 b5 10. Be3 Bb7 11. Qd2 O-O 12. g4 Rfd8 13. g5 Nd7 14. f5 Bf8 15. Nf4 Re8 16. g6 hxg6 17. fxe6 fxe6 18. Nxg6 Nde5 19. Nxe5 Nxe5 20. Ne2 d5 21. Bf4 Rad8 22. Ng3 d4 23. Nh5 c4 24. Bg3 Bd6 25. Qg5 Kh7 26. Nf6+ gxf6 27. Rxf6 Qg7 28. Qh5+ Kg8 29. Bxe5 Bxe5 30. Rg6 Rf8 31. Rf1 Rxf1+ 32. Bxf1 Rf8 33. Be2 Rf7 34. Bg4 Bc8 35. Rxg7+ Bxg7 36. Qc5 Bd7 37. Qd6 Bf8 38. Qxa6 Bh6 39. Bxe6 Be3+ 40. Kg2 Bxe6 41. Qxe6 cxd3 42. cxd3 Kg7 43. Qe5+ Kg8 44. Qxb5 Rg7+ 45. Kf3 Rf7+ 46. Ke2 Rf2+ 47. Ke1 Kg7 48. a4 Kg6 49. a5 Rc2 50. a6 1-0


[Site "https://www.chess.com"]

[Event "Titled Tuesday Blitz July 4 Late 2023"]
[White "Andrej2004"]
[Black "Sjugirov, Sanan"]
[BlackFideId "4189302"]
[WhiteElo "2662"]
[BlackElo "2966"]
[Result "0-1"]
[Round "3"]
[TimeControl "180+2"]
[Date "2023.07.04"]
[WhiteClock "0:01:41"]
[BlackClock "0:02:27"]
[Board "20"]

1. e4 c5 2. Nf3 d6 3. d4 cxd4 4. Nxd4 Nf6 5. Nc3 a6 6. Be2 e5 7. Nf3 Be7 8. Bg5 Nbd7 9. O-O h6 10. Bxf6 Nxf6 11. a4 Be6 12. Nd2 Rc8 13. Nb3 O-O 14. a5 Qc7 15. Ra4 Rfd8 16. Bf3 Qd7 17. Qd3 Rxc3 0-1


[Site "https://www.chess.com"]

[Event "Titled Tuesday Blitz July 4 Late 2023"]
[White "Makarian, Rudik"]
[Black "Fisher_TheGalactic"]
[WhiteFideId "44105681"]
[WhiteElo "2962"]
[BlackElo "2656"]
[Result "0-1"]
[Round "3"]
[TimeControl "180+2"]
[Date "2023.07.04"]
[WhiteClock "0:00:17"]
[BlackClock "0:00:33"]
[Board "21"]

1. d4 b6 2. c4 Bb7 3. Nf3 e6 4. g3 Nf6 5. Bg2 Be7 6. O-O O-O 7. Re1 d5 8. cxd5 exd5 9. Nc3 c6 10. Bf4 Nbd7 11. Qc2 Re8 12. Rad1 Nf8 13. Ne5 Ne6 14. Bc1 Bd6 15. h4 Nxd4 16. Rxd4 Bxe5 17. Rdd1 Qe7 18. b3 Rad8 19. Bb2 d4 20. Nb1 c5 21. Nd2 Bxg3 22. Bxb7 Bxf2+ 23. Kxf2 Ng4+ 24. Kg3 Ne3 25. Qe4 Qc7+ 26. Qf4 Qxb7 27. Nf3 Nxd1 28. Rxd1 Rxe2 29. Bc1 Qc6 30. Rg1 Rd6 31. Kh3 Rf6 32. Ne5 Qe6+ 33. Qg4 Rxe5 34. Bf4 Qxg4+ 35. Rxg4 Re4 36. Bg5 Rxg4 37. Kxg4 Re6 38. Kf5 d3 39. Bd2 Re2 40. Bg5 d2 41. h5 d1=Q 42. h6 Qd5+ 43. Kg4 Re4+ 44. Kh3 Qxg5 45. Kh2 Rh4# 0-1


[Site "https://www.chess.com"]

[Event "Titled Tuesday Blitz July 4 Late 2023"]
[White "Guerra Tulcan, Lenin"]
[Black "Oparin, Grigoriy"]
[WhiteFideId "3601382"]
[BlackFideId "24125890"]
[WhiteElo "2656"]
[BlackElo "2952"]
[Result "0-1"]
[Round "3"]
[TimeControl "180+2"]
[Date "2023.07.04"]
[WhiteClock "0:01:41"]
[BlackClock "0:02:01"]
[Board "22"]

1. e4 c5 2. Nf3 Nc6 3. d4 cxd4 4. Nxd4 e5 5. Nb5 d6 6. N1c3 a6 7. Na3 Be6 8. Nd5 Nf6 9. Bg5 Bxd5 10. Bxf6 Qa5+ 11. c3 Bxe4 12. Nc4 Qc7 13. Bg5 d5 14. Ne3 f6 15. Bh4 O-O-O 16. f3 Bg6 17. Nxd5 Qa5 18. Bc4 Bf7 19. Nb6+ Qxb6 20. Bxf7 Rxd1+ 21. Rxd1 0-1


[Site "https://www.chess.com"]

[Event "Titled Tuesday Blitz July 4 Late 2023"]
[White "MKlose11"]
[Black "Chigaev, Maksim"]
[BlackFideId "4108116"]
[WhiteElo "2653"]
[BlackElo "2945"]
[Result "0-1"]
[Round "3"]
[TimeControl "180+2"]
[Date "2023.07.04"]
[WhiteClock "0:00:02"]
[BlackClock "0:00:16"]
[Board "23"]

1. e4 e6 2. d4 d5 3. Nc3 Nf6 4. Bg5 Bb4 5. Ne2 h6 6. Bxf6 Qxf6 7. e5 Qe7 8. a3 Ba5 9. b4 Bb6 10. Na4 Bd7 11. Nc5 Bxc5 12. bxc5 b6 13. cxb6 axb6 14. Qc1 Nc6 15. c3 Na5 16. Qd1 Nc4 17. a4 O-O 18. Nf4 Nb2 19. Qc2 Nxa4 20. Bd3 Nc5 21. O-O Nxd3 22. Qxd3 c5 23. Qg3 Qg5 24. Rfb1 Rxa1 25. Rxa1 Rc8 26. Rb1 cxd4 27. cxd4 b5 28. Qxg5 hxg5 29. Nd3 Rc4 30. Rb4 Rc3 31. Ne1 f6 32. Kf1 Kf7 33. Ke2 Ke7 34. Kd2 Rc4 35. Nd3 Bc6 36. g3 g4 37. Ke3 Be8 38. Rb2 Rc3 39. Kd2 Rc7 40. Rc2 Rc4 41. Ra2 Rxd4 42. Ke3 fxe5 43. Ra7+ Kf6 44. Nc5 Rc4 45. Na6 Ra4 46. Ra8 Bc6 47. Rf8+ Ke7 0-1


[Site "https://www.chess.com"]

[Event "Titled Tuesday Blitz July 4 Late 2023"]
[White "Hilary46"]
[Black "Keymer, Vincent"]
[BlackFideId "12940690"]
[WhiteElo "2649"]
[BlackElo "2942"]
[Result "0-1"]
[Round "3"]
[TimeControl "180+2"]
[Date "2023.07.04"]
[WhiteClock "0:00:00"]
[BlackClock "0:00:07"]
[Board "24"]

1. e4 c6 2. d4 d5 3. e5 Bf5 4. c4 e6 5. Nc3 Ne7 6. Nf3 Bg4 7. Be3 Nf5 8. c5 f6 9. exf6 Qxf6 10. Be2 Nd7 11. O-O Be7 12. Qd2 Bxf3 13. Bxf3 O-O 14. Bg4 Qg6 15. h3 e5 16. Ne2 Rae8 17. Rae1 h5 18. Bxf5 Rxf5 19. dxe5 Rxe5 20. b4 Bf6 21. Nf4 Qf5 22. a3 Kh7 23. Ne2 R5e7 24. Nd4 Qg6 25. Nf3 Ne5 26. Nxe5 Rxe5 27. Bf4 Re4 28. Rxe4 Qxe4 29. Bd6 Qc4 30. Rd1 Qc3 31. Qf4 Qc2 32. Rf1 Qd3 33. a4 a6 34. Qf3 Qxf3 35. gxf3 Bc3 36. Rb1 Re1+ 37. Rxe1 Bxe1 38. b5 axb5 39. axb5 cxb5 40. Kf1 Bc3 41. Ke2 Kg6 42. Kd3 b4 43. Kc2 Kg5 44. Bg3 Kf5 45. Bd6 g6 46. Kb3 Ke6 47. Bg3 Be1 48. Ka4 Kd7 49. Kb5 b3 50. Be5 Bxf2 51. Bb2 d4 52. Kc4 Kc6 53. Ba3 d3 54. Kxd3 Bxc5 55. Bb2 Kd5 56. Bf6 Bd6 57. Bc3 Be5 58. Bd2 b5 59. Be3 Ke6 60. f4 Bf6 61. Bd2 Kf5 62. Be3 Be7 63. Bd2 Bd6 64. Kc3 Bxf4 65. Be1 Bd6 66. Kxb3 Kf4 67. Kc3 Kf3 68. Kd3 g5 69. Bd2 g4 70. hxg4 hxg4 71. Kd4 g3 72. Kd5 g2 73. Kxd6 g1=Q 74. Kc6 Qf1 0-1


[Site "https://www.chess.com"]

[Event "Titled Tuesday Blitz July 4 Late 2023"]
[White "Popilski, Gil"]
[Black "Eljanov, Pavel"]
[WhiteFideId "2809060"]
[BlackFideId "14102951"]
[WhiteElo "2640"]
[BlackElo "2933"]
[Result "1-0"]
[Round "3"]
[TimeControl "180+2"]
[Date "2023.07.04"]
[WhiteClock "0:00:13"]
[BlackClock "0:00:00"]
[Board "25"]

1. e4 c6 2. Nf3 d5 3. Nc3 dxe4 4. Nxe4 Nf6 5. Qe2 Nxe4 6. Qxe4 Be6 7. c4 Nd7 8. h3 Nf6 9. Qe3 Bf5 10. d4 e6 11. Be2 Bb4+ 12. Bd2 Bxd2+ 13. Qxd2 Ne4 14. Qb4 Qb6 15. Qxb6 axb6 16. a3 h6 17. O-O g5 18. Rfe1 O-O-O 19. Rad1 Nd6 20. Bf1 c5 21. b4 cxd4 22. Nxd4 Bg6 23. c5 bxc5 24. bxc5 Nf5 25. Nb5 h5 26. Bd3 Kb8 27. Bxf5 Bxf5 28. Nd6 Bg6 29. Rd4 Kc7 30. Rb4 Rb8 31. Rb6 g4 32. Re3 gxh3 33. Rxh3 Ra8 34. Rxb7+ Kc6 35. Rc3 Ra6 36. Re7 Rha8 37. Nxf7 Bxf7 38. Rxf7 Rxa3 39. Rff3 Rxc3 40. Rxc3 Rf8 41. f3 Rg8 42. Kh2 Rg5 43. Kh3 e5 44. g3 Rf5 45. Kh4 1-0


[Site "https://www.chess.com"]

[Event "Titled Tuesday Blitz July 4 Late 2023"]
[White "Ibrahimli, Murad"]
[Black "Ganiev, Roman"]
[WhiteFideId "13410229"]
[BlackFideId "4131452"]
[WhiteElo "2918"]
[BlackElo "2639"]
[Result "1-0"]
[Round "3"]
[TimeControl "180+2"]
[Date "2023.07.04"]
[WhiteClock "0:01:45"]
[BlackClock "0:00:37"]
[Board "26"]

1. c4 e5 2. Nc3 Nc6 3. g3 Nf6 4. Bg2 Bb4 5. Nd5 Be7 6. e3 O-O 7. Ne2 d6 8. O-O Nxd5 9. cxd5 Nb8 10. d4 f5 11. dxe5 dxe5 12. e4 Bd6 13. exf5 Bxf5 14. Nc3 a6 15. Be3 Nd7 16. Ne4 Nf6 17. Nc5 Rb8 18. Ne6 Bxe6 19. dxe6 Qe7 20. Qb3 Rfe8 21. Bh3 Bc5 22. Rfe1 Bxe3 23. Rxe3 e4 24. Rd1 c6 25. Rd7 Qc5 26. Rxb7 Rxb7 27. Qxb7 a5 28. Qf7+ Kh8 29. Rc3 Qd6 30. Qb7 c5 31. Qb5 h5 32. Qxc5 Qd1+ 33. Kg2 h4 34. gxh4 Nh5 35. Qg5 Rf8 36. e7 Re8 37. Bg4 1-0


[Site "https://www.chess.com"]

[Event "Titled Tuesday Blitz July 4 Late 2023"]
[White "Durarbayli, Vasif"]
[Black "Skatchkov, Valery"]
[WhiteFideId "13402935"]
[BlackFideId "24195812"]
[WhiteElo "2914"]
[BlackElo "2637"]
[Result "1-0"]
[Round "3"]
[TimeControl "180+2"]
[Date "2023.07.04"]
[WhiteClock "0:00:46"]
[BlackClock "0:00:43"]
[Board "27"]

1. e4 e5 2. Nc3 Nf6 3. d4 exd4 4. Qxd4 Nc6 5. Qd3 Bb4 6. Bd2 Bc5 7. O-O-O Bxf2 8. Nf3 d6 9. Nd5 Ng4 10. Bg5 Nce5 11. Qb5+ Qd7 12. Nxc7+ Kf8 13. Nxa8 f6 14. Bf4 Kf7 15. Qxd7+ Bxd7 16. Nc7 Rc8 17. Nd5 Bc5 18. Nxe5+ fxe5 19. Bg3 Ba4 20. Bc4 Ke8 21. Bb3 1-0


[Site "https://www.chess.com"]

[Event "Titled Tuesday Blitz July 4 Late 2023"]
[White "Rostomyan, Mikayel"]
[Black "Sanal, Vahap"]
[WhiteFideId "13313754"]
[BlackFideId "6300545"]
[WhiteElo "2630"]
[BlackElo "2895"]
[Result "1/2-1/2"]
[Round "3"]
[TimeControl "180+2"]
[Date "2023.07.04"]
[WhiteClock "0:00:14"]
[BlackClock "0:00:06"]
[Board "28"]

1. d4 d6 2. Nf3 c5 3. dxc5 Qa5+ 4. Nc3 Qxc5 5. e4 Nf6 6. Be3 Qa5 7. Bd3 g6 8. O-O Bg7 9. a3 O-O 10. Nd4 Ng4 11. Qe2 Nxe3 12. Qxe3 Nc6 13. Nce2 Bg4 14. c3 a6 15. h3 Bd7 16. b4 Qc7 17. Rac1 Rfc8 18. f4 Qb6 19. Nf5 Qxe3+ 20. Nxe3 Rab8 21. Nd5 b5 22. c4 e6 23. cxb5 axb5 24. Rxc6 Rxc6 25. Ne7+ Kf8 26. Nxc6 Bxc6 27. Rc1 Rb6 28. Rc2 Ke7 29. Kf2 Kd7 30. Ke3 Ra6 31. Ra2 Ra7 32. Nd4 Bxd4+ 33. Kxd4 f6 34. e5 Ke7 35. g3 Be8 36. h4 h6 37. Rc2 dxe5+ 38. fxe5 fxe5+ 39. Kxe5 Rxa3 40. Be4 Rxg3 41. Rc7+ Bd7 42. Bc6 Rd3 43. Rb7 Rd1 44. Bxd7 Rxd7 45. Rxb5 Rc7 46. Rb6 Kf7 47. Rxe6 Rb7 48. Rf6+ Kg7 49. Rf4 g5 50. hxg5 hxg5 51. Rc4 Kg6 52. Kd6 Kf5 53. Kc6 Rb8 54. Kc7 Rb5 55. Kc6 Rb8 56. Kc7 Rg8 57. b5 g4 58. b6 g3 59. b7 g2 60. Rc5+ Kf4 61. Rc1 Kf3 62. b8=Q Rxb8 63. Kxb8 Kf2 64. Rc2+ Kf1 65. Rxg2 Kxg2 1/2-1/2


[Site "https://www.chess.com"]

[Event "Titled Tuesday Blitz July 4 Late 2023"]
[White "Filgueira, Hernan"]
[Black "Zhigalko, Sergei"]
[WhiteFideId "101770"]
[BlackFideId "13502956"]
[WhiteElo "2618"]
[BlackElo "2889"]
[Result "0-1"]
[Round "3"]
[TimeControl "180+2"]
[Date "2023.07.04"]
[WhiteClock "0:00:02"]
[BlackClock "0:00:04"]
[Board "29"]

1. d4 Nf6 2. Nf3 e6 3. e3 b6 4. Bd3 Bb7 5. O-O d5 6. c4 Bd6 7. cxd5 exd5 8. b3 O-O 9. Ba3 c5 10. Nc3 Nbd7 11. Ne2 Rc8 12. Ng3 g6 13. Bb2 Qe7 14. Re1 c4 15. bxc4 dxc4 16. Bc2 c3 17. Bc1 Ne4 18. Rb1 Rfe8 19. a4 Ndf6 20. Nxe4 Nxe4 21. h3 Bd5 22. Qe2 Bc4 23. Bd3 Bxd3 24. Qxd3 c2 25. Rb3 Rc7 26. Re2 Rec8 27. Ne1 Qh4 28. f4 Nc3 29. Rf2 Na2 30. Qd2 a5 31. Nd3 Bb4 32. Qe2 Nxc1 33. Nxc1 Rc3 34. Rxc3 Rxc3 35. Qb5 Qe7 36. Re2 Ba3 37. Na2 c1=Q+ 38. Nxc1 Rxc1+ 39. Kh2 Qc7 40. Qd5 Bd6 41. Qe4 Rc3 42. Qe8+ Kg7 43. Qe4 Qe7 44. Qf3 f5 45. Qf2 Qe4 46. g3 h5 47. h4 Bb4 48. Qf1 Rxe3 49. Rxe3 Qxe3 50. Qb5 Qxd4 51. Kh3 Qd6 52. Qc4 Bc5 53. Qc3+ Qf6 54. Qd3 Qf7 55. Qc3+ Kf8 56. Qh8+ Ke7 57. Qe5+ Qe6 58. Qc7+ Ke8 59. Qb8+ Kf7 60. Qc7+ Be7 61. Qc2 Qd5 62. Kh2 Qe6 63. Qc3 Qe2+ 64. Kh3 Qa2 65. Qd4 Qe6 66. Qc3 Ke8 67. Qh8+ Kd7 68. Qd4+ Qd6 69. Qc4 Qc6 70. Qd4+ Kc7 71. Qe5+ Bd6 72. Qg7+ Kb8 73. Kh2 Bc7 74. Qg8+ Kb7 75. Qb3 Qe4 76. Qb5 Qc2+ 77. Kh3 Qc6 78. Qb1 Qxa4 0-1


[Site "https://www.chess.com"]

[Event "Titled Tuesday Blitz July 4 Late 2023"]
[White "Dardha, Daniel"]
[Black "Janaszak, Dawid"]
[WhiteFideId "240990"]
[BlackFideId "1119206"]
[WhiteElo "2887"]
[BlackElo "2609"]
[Result "1-0"]
[Round "3"]
[TimeControl "180+2"]
[Date "2023.07.04"]
[WhiteClock "0:01:26"]
[BlackClock "0:00:06"]
[Board "30"]

1. c4 e6 2. d4 d5 3. Nf3 c5 4. cxd5 exd5 5. g3 Nc6 6. Bg2 Nf6 7. Nc3 cxd4 8. Nxd4 Bc5 9. Nxc6 bxc6 10. O-O O-O 11. Na4 Bd6 12. Be3 Re8 13. Rc1 Rxe3 14. fxe3 Ng4 15. Qd4 Qe8 16. Rxc6 Be5 17. Qc5 Bd7 18. Bxd5 Bf6 19. Rcxf6 Nxf6 20. Bxa8 Qxa8 21. Nc3 Bh3 22. Rf3 h6 23. Qd4 Qb7 24. g4 1-0


[Site "https://www.chess.com"]

[Event "Titled Tuesday Blitz July 4 Late 2023"]
[White "Domingo Nunez, Alejandro"]
[Black "Henriquez Villagra, Cristobal"]
[WhiteFideId "22245561"]
[BlackFideId "3409350"]
[WhiteElo "2607"]
[BlackElo "2853"]
[Result "0-1"]
[Round "3"]
[TimeControl "180+2"]
[Date "2023.07.04"]
[WhiteClock "0:00:02"]
[BlackClock "0:00:12"]
[Board "31"]

1. Nf3 d6 2. d4 g6 3. b3 Bg7 4. Bb2 f5 5. g3 Nf6 6. Bg2 O-O 7. O-O c6 8. c4 Kh8 9. Qc2 Nbd7 10. Nc3 e5 11. dxe5 dxe5 12. e4 f4 13. Ba3 c5 14. Rad1 Qe7 15. Rfe1 b6 16. gxf4 Bb7 17. f5 Rad8 18. Bc1 gxf5 19. exf5 Rg8 20. Kh1 Qe8 21. Nd5 Qh5 22. Ng5 Rdf8 23. f4 Bh6 24. Ne6 Ng4 25. h3 Rxf5 26. Ne7 Nf2+ 27. Qxf2 Qxh3+ 28. Kg1 Rxg2+ 0-1


[Site "https://www.chess.com"]

[Event "Titled Tuesday Blitz July 4 Late 2023"]
[White "Kantor, Gergely"]
[Black "ArtemDyachuk"]
[WhiteFideId "751499"]
[WhiteElo "2834"]
[BlackElo "2556"]
[Result "1-0"]
[Round "3"]
[TimeControl "180+2"]
[Date "2023.07.04"]
[WhiteClock "0:00:06"]
[BlackClock "0:00:00"]
[Board "32"]

1. e4 c6 2. Nf3 d5 3. d3 g6 4. Qe2 Bg7 5. g3 Nf6 6. e5 Nfd7 7. e6 fxe6 8. Ng5 Nf8 9. Bh3 e5 10. Bxc8 Qxc8 11. O-O Nbd7 12. f4 h6 13. Nf3 exf4 14. Re1 e6 15. Bxf4 Bxb2 16. Nbd2 Bxa1 17. Rxa1 Qd8 18. Rb1 b6 19. Nd4 Qe7 20. Kg2 g5 21. Nxc6 Qc5 22. Be5 Nxe5 23. Nxe5 Qc7 24. Qh5+ Ke7 25. Re1 Rh7 26. c4 Qb7 27. Ndf3 Rd8 28. h4 dxc4 29. hxg5 cxd3 30. g6 d2 31. Rd1 Rg7 32. Qxh6 Rg8 33. g7 Nd7 34. Qg5+ Kd6 35. Rxd2+ Kc7 36. Qe7 Kb8 37. Nxd7+ Ka8 38. Kf2 a6 39. Ke2 Ka7 40. Nfe5 Qe4+ 41. Kd1 Qb1+ 42. Ke2 Qe4+ 43. Kf2 Qf5+ 44. Kg2 Qe4+ 45. Kh2 Rh8+ 46. gxh8=Q Rxh8+ 47. Kg1 Qe1+ 48. Kg2 Qxd2+ 49. Kf3 Qd5+ 50. Kf4 Qd4+ 51. Kg5 Qe3+ 52. Kf6 Qh6+ 53. Ng6 Rh7 54. Qd8 Qg7+ 55. Kg5 Qxd7 56. Qf8 Rf7 57. Qg8 Rf5+ 58. Kh6 Rf6 59. g4 e5 60. g5 Qh3+ 61. Kg7 Rc6 62. Qf7+ Kb8 63. Qe8+ Rc8 64. Qxe5+ Rc7+ 65. Ne7 Kb7 66. Qd5+ Kb8 67. Qd8+ Kb7 68. g6 Qe6 69. Kf8 Qf6+ 70. Ke8 Qe6 71. g7 Qe5 72. g8=Q Qh5+ 73. Qg6 Qh8+ 74. Ng8 Qe5+ 75. Kf8 Qf4+ 76. Qgf6 Qb4+ 77. Ne7 Qc4 78. Qf3+ 1-0


[Site "https://www.chess.com"]

[Event "Titled Tuesday Blitz July 4 Late 2023"]
[White "Ozen, Bahadir"]
[Black "Shubenkova, Veronika"]
[WhiteFideId "6337058"]
[BlackFideId "44124040"]
[WhiteElo "2828"]
[BlackElo "2553"]
[Result "1-0"]
[Round "3"]
[TimeControl "180+2"]
[Date "2023.07.04"]
[WhiteClock "0:02:01"]
[BlackClock "0:01:42"]
[Board "33"]

1. g3 d5 2. Nf3 c6 3. Bg2 Nf6 4. O-O g6 5. d3 Bg7 6. Nbd2 O-O 7. e4 d4 8. Nb3 Ne8 9. e5 Bg4 10. Re1 Bxf3 11. Qxf3 Nc7 12. Qe4 Ne6 13. f4 a5 14. a4 Na6 15. Bd2 Nac5 16. Nxc5 Nxc5 17. Qf3 e6 18. Re2 Qd7 19. h4 Ra6 20. h5 Rb8 21. Kf2 b5 22. hxg6 fxg6 23. axb5 Rxb5 24. b3 a4 25. bxa4 Rxa4 26. Rxa4 Nxa4 27. Qxc6 Qxc6 28. Bxc6 1-0


[Site "https://www.chess.com"]

[Event "Titled Tuesday Blitz July 4 Late 2023"]
[White "Hajiyev, Kanan"]
[Black "Oro, Faustino"]
[WhiteFideId "13404148"]
[BlackFideId "20000197"]
[WhiteElo "2535"]
[BlackElo "2828"]
[Result "0-1"]
[Round "3"]
[TimeControl "180+2"]
[Date "2023.07.04"]
[WhiteClock "0:00:06"]
[BlackClock "0:00:04"]
[Board "34"]

1. d4 Nf6 2. c4 e6 3. Nf3 d5 4. cxd5 exd5 5. Nc3 Be7 6. Qc2 O-O 7. Bf4 c6 8. e3 Re8 9. Bd3 Nbd7 10. O-O a5 11. Rab1 h6 12. h3 Nf8 13. Ne5 Bd6 14. a3 Qe7 15. Bh2 N6d7 16. Nf3 Bxh2+ 17. Nxh2 Ne6 18. Nf3 Nf6 19. Ne5 c5 20. dxc5 Nxc5 21. Nf3 Bd7 22. Nd4 Rac8 23. Qe2 Qe5 24. Rbd1 g6 25. Bc2 Bc6 26. Rc1 h5 27. Rfe1 Kg7 28. Qf3 Ne6 29. Nce2 Nc5 30. Ng3 Bd7 31. Nge2 Nfe4 32. Qf4 Qe7 33. Ng3 Nd6 34. Rcd1 h4 35. Nge2 Nce4 36. Bxe4 Nxe4 37. Nf3 g5 38. Qh2 Bc6 39. Ned4 Qf6 40. Re2 Ba4 41. Rde1 Nc5 42. b3 Nxb3 43. Nxb3 Bxb3 44. Nd4 Bc4 45. Rb2 Re7 46. Rd1 b5 47. Nxb5 Qxb2 48. Nd4 Kg6 49. Qd6+ Re6 50. Nxe6 Qf6 51. Nf8+ Kg7 52. Qxf6+ Kxf6 53. Nd7+ Ke6 54. Nb6 Rb8 55. Na4 Ke5 56. Nc5 Rc8 57. Nd7+ Ke6 58. Nb6 Rc6 59. Na4 Bb3 60. Rd4 Rc1+ 61. Kh2 Rc2 62. Kg1 f5 63. Nb6 Ra2 64. a4 Kd6 65. Nc8+ Kc5 66. Ne7 Rxa4 67. Rd2 f4 68. exf4 Rxf4 69. Ng6 Rd4 70. Rb2 a4 71. Ne5 Rd1+ 72. Kh2 Kb4 73. Nc6+ Kc3 74. Re2 a3 75. Na5 a2 76. Nxb3 Kxb3 77. Re3+ Kc2 78. Re2+ Rd2 79. Re5 a1=Q 80. Rxd5 Rxd5 81. f4 gxf4 82. g4 Rd2# 0-1


[Site "https://www.chess.com"]

[Event "Titled Tuesday Blitz July 4 Late 2023"]
[White "Principe, Gerson"]
[Black "Stribuk, Artiom"]
[WhiteFideId "3804550"]
[BlackFideId "13515659"]
[WhiteElo "2533"]
[BlackElo "2813"]
[Result "0-1"]
[Round "3"]
[TimeControl "180+2"]
[Date "2023.07.04"]
[WhiteClock "0:00:00"]
[BlackClock "0:00:07"]
[Board "35"]

1. d4 Nf6 2. e3 g6 3. Nf3 Bg7 4. Be2 O-O 5. O-O d5 6. c3 Nbd7 7. b4 Re8 8. Bb2 e5 9. c4 exd4 10. Bxd4 dxc4 11. Bxc4 Nb6 12. Bb3 Be6 13. Nbd2 Nbd5 14. a3 a5 15. b5 Qe7 16. Qc2 Rec8 17. Rfc1 c6 18. bxc6 Rxc6 19. Qb2 Rac8 20. Ba4 Rxc1+ 21. Rxc1 Rxc1+ 22. Qxc1 Bf8 23. Bb2 Nd7 24. Bb5 Qc5 25. Qxc5 Nxc5 26. Bc4 Nc7 27. Bxe6 N7xe6 28. Nc4 a4 29. Kf1 b5 30. Ncd2 Nd3 31. Ba1 Bxa3 32. Ke2 Bb2 33. Kxd3 Bxa1 34. Kc2 b4 35. Kc1 Nc5 36. Nd4 Bc3 37. N2f3 b3 38. Nb5 Bf6 39. Nd2 Kf8 40. Nc4 Ke7 41. Nb6 Nd3+ 42. Kb1 Nxf2 43. Nxa4 Ng4 44. h3 Nxe3 45. g4 h5 46. gxh5 gxh5 47. Nc5 b2 48. Nd3 Nd5 49. Nxb2 Bxb2 50. Kxb2 Nf4 51. h4 Ng6 52. Kc2 Kf6 53. Kd2 Nxh4 54. Ke2 Ng6 55. Nd6 Ke6 56. Ne4 f5 57. Ng3 h4 0-1


[Site "https://www.chess.com"]

[Event "Titled Tuesday Blitz July 4 Late 2023"]
[White "Talibov, Shiroghlan"]
[Black "Kirillov, Dmitry"]
[WhiteFideId "13429078"]
[BlackFideId "34180572"]
[WhiteElo "2803"]
[BlackElo "2533"]
[Result "1-0"]
[Round "3"]
[TimeControl "180+2"]
[Date "2023.07.04"]
[WhiteClock "0:00:49"]
[BlackClock "0:00:00"]
[Board "36"]

1. c4 e5 2. Nc3 Nf6 3. Nf3 Nc6 4. e4 d6 5. d4 Bg4 6. d5 Nd4 7. Be2 Bxf3 8. Bxf3 g6 9. g4 h6 10. h4 Bg7 11. g5 hxg5 12. hxg5 Rxh1+ 13. Bxh1 Nh5 14. Ne2 Qd7 15. Nxd4 exd4 16. Bf3 Qh3 17. Bd2 Be5 18. Ke2 Qh2 19. Qg1 Nf4+ 20. Bxf4 Qxf4 21. Rd1 Ke7 22. Qg4 Qxg4 23. Bxg4 Rh8 24. Kf3 Rh2 25. b4 b6 26. Rc1 d3 27. Rd1 Bc3 28. a3 d2 29. Ke3 a5 30. bxa5 Bxa5 31. f4 Rg2 32. Bf3 Rh2 33. f5 1-0


[Site "https://www.chess.com"]

[Event "Titled Tuesday Blitz July 4 Late 2023"]
[White "Rustemov, Alexander"]
[Black "Arencibia Monduy, Antonio"]
[WhiteFideId "4119002"]
[BlackFideId "3507939"]
[WhiteElo "2802"]
[BlackElo "2533"]
[Result "1-0"]
[Round "3"]
[TimeControl "180+2"]
[Date "2023.07.04"]
[WhiteClock "0:00:14"]
[BlackClock "0:00:00"]
[Board "37"]

1. d4 e6 2. c4 Nf6 3. Nf3 d5 4. Nc3 Be7 5. Bg5 Ne4 6. Bxe7 Qxe7 7. e3 Nxc3 8. bxc3 O-O 9. cxd5 exd5 10. c4 dxc4 11. Bxc4 Bg4 12. O-O Nd7 13. h3 Bh5 14. Be2 c5 15. a4 cxd4 16. Nxd4 Bxe2 17. Qxe2 Rac8 18. a5 b6 19. Rfb1 Qf6 20. Qa6 bxa5 21. Qxa7 Ne5 22. Qxa5 Rfe8 23. Qd2 Nc4 24. Qd3 g6 25. Rb7 Ne5 26. Qe2 Rb8 27. Rba7 Red8 28. Rc1 Rbc8 29. Rca1 Nc6 30. Nxc6 Rxc6 31. Ra8 Rd6 32. g3 Kg7 33. Kg2 Rd2 34. Qf3 Qxf3+ 35. Kxf3 Rxa8 36. Rxa8 Rd7 37. g4 h6 38. h4 Rd5 39. Ra4 Rc5 40. Kf4 g5+ 41. Kg3 Rd5 42. h5 Rc5 43. Kf3 Rd5 44. Ke4 Rd6 45. Ra5 Re6+ 46. Re5 Rf6 47. f3 Rb6 48. Rd5 Re6+ 49. Kd3 Rf6 50. Rf5 Rd6+ 51. Ke4 Re6+ 52. Re5 Rf6 53. f4 gxf4 54. exf4 Ra6 55. Kf5 Rf6+ 56. Ke4 Ra6 57. g5 hxg5 58. fxg5 Ra4+ 59. Kf5 Ra1 60. h6+ Kh7 61. Kf6 Rf1+ 62. Rf5 Ra1 63. Kxf7 Ra7+ 64. Kf6 Ra6+ 65. Kf7 Ra7+ 66. Kf8 Ra8+ 67. Ke7 Ra7+ 68. Ke6 Ra6+ 69. Kd7 Kg6 70. Re5 Ra7+ 71. Kd6 Ra6+ 72. Kd5 Ra5+ 73. Ke4 Ra4+ 74. Kf3 Ra3+ 75. Kf4 Ra4+ 76. Re4 Ra5 77. Re6+ Kh5 78. h7 Ra4+ 79. Kf5 Ra5+ 80. Kf6 Ra8 81. g6 Ra7 82. h8=Q+ 1-0


[Site "https://www.chess.com"]

[Event "Titled Tuesday Blitz July 4 Late 2023"]
[White "Federzoni, Enzo"]
[Black "Hambleton, Aman"]
[WhiteFideId "2173301"]
[BlackFideId "2606577"]
[WhiteElo "2431"]
[BlackElo "2799"]
[Result "0-1"]
[Round "3"]
[TimeControl "180+2"]
[Date "2023.07.04"]
[WhiteClock "0:00:33"]
[BlackClock "0:00:05"]
[Board "38"]

1. e4 b6 2. d4 Bb7 3. Nc3 e6 4. Bd3 Nf6 5. Nge2 d5 6. exd5 Nxd5 7. Nxd5 Qxd5 8. Nf4 Qd8 9. Qe2 Qxd4 10. O-O Bd6 11. Be3 Qxb2 12. Rad1 Nd7 13. Bb5 O-O-O 14. Bd4 Qa3 15. Rd3 Qb4 16. Bxd7+ Rxd7 17. Be5 Qe4 18. Bxd6 Qxe2 19. Nxe2 Rxd6 20. Rg3 Ba6 21. Re3 Rd2 22. Re1 Bxe2 23. R3xe2 Rhd8 24. g4 Rxe2 25. Rxe2 Rd4 26. h3 Kd7 27. Kg2 Ra4 28. c3 Ra3 29. Rc2 Kd6 30. Kf3 Kd5 31. Ke3 g5 32. f3 Ke5 33. h4 h6 34. hxg5 hxg5 35. Kd3 Kf4 36. Rf2 f5 37. gxf5 exf5 38. Kc4 Ra5 39. Kd4 Rc5 40. a4 a5 41. Kd3 Rd5+ 42. Kc4 Re5 43. Kd4 Re3 44. c4 Rxf3 45. Rh2 g4 46. c5 bxc5+ 47. Kxc5 Ra3 48. Kb5 g3 49. Rh4+ Kf3 50. Kxa5 f4 51. Rh8 g2 52. Rg8 Kf2 53. Kb4 Ra1 54. a5 f3 55. a6 g1=Q 56. Kb5 Qxg8 57. a7 Qd5+ 58. Kb4 Rb1+ 59. Ka4 Qb5+ 60. Ka3 Qa5# 0-1


[Site "https://www.chess.com"]

[Event "Titled Tuesday Blitz July 4 Late 2023"]
[White "Raja Rithvik R"]
[Black "Taranenko, Evgueniy"]
[WhiteFideId "35007394"]
[BlackFideId "14122138"]
[WhiteElo "2785"]
[BlackElo "2373"]
[Result "1-0"]
[Round "3"]
[TimeControl "180+2"]
[Date "2023.07.04"]
[WhiteClock "0:02:00"]
[BlackClock "0:01:13"]
[Board "39"]

1. Nf3 f5 2. c4 Nf6 3. d4 d6 4. b3 g6 5. Bb2 Bg7 6. g3 O-O 7. Bg2 c6 8. O-O a5 9. Nc3 Na6 10. Qc2 Qc7 11. e4 fxe4 12. Nxe4 Nxe4 13. Qxe4 Bf5 14. Qe3 Nb4 15. Qd2 Be4 16. Ng5 Bxg2 17. Kxg2 Qd7 18. a3 Na6 19. Rae1 Qf5 20. Ne6 Qf3+ 21. Kg1 Qxb3 22. Nxg7 Kxg7 23. Rxe7+ Rf7 24. d5+ Kg8 25. Rxf7 Kxf7 26. Qf4+ 1-0


[Site "https://www.chess.com"]

[Event "Titled Tuesday Blitz July 4 Late 2023"]
[White "Bullen, Alex"]
[Black "Halkias, Stelios"]
[WhiteFideId "1801627"]
[BlackFideId "4201809"]
[WhiteElo "2295"]
[BlackElo "2771"]
[Result "0-1"]
[Round "3"]
[TimeControl "180+2"]
[Date "2023.07.04"]
[WhiteClock "0:00:45"]
[BlackClock "0:01:34"]
[Board "40"]

1. d4 Nf6 2. Nf3 d5 3. c4 e6 4. e3 a6 5. b3 c5 6. Bb2 cxd4 7. exd4 Bb4+ 8. Nbd2 dxc4 9. Bxc4 O-O 10. O-O b5 11. Bd3 Bb7 12. Ne5 Nc6 13. Nxc6 Bxc6 14. Rc1 Rc8 15. Nf3 Qd5 16. a3 Bd6 17. Re1 Bb7 18. Bf1 Rxc1 19. Qxc1 Qxb3 20. Ne5 Rc8 21. Qd2 Rc2 22. Qa5 Qxb2 23. Qd8+ Bf8 24. Bd3 Rc1 25. Rxc1 Qxc1+ 26. Bf1 Qxa3 27. Qc7 Qe7 0-1


[Site "https://www.chess.com"]